 Dungeon Crawl Stone Soup version 0.27-a0-1188-g73eefd5def (webtiles) character file.

Game seed: 9542404170861948184

143 Lemonice the Poker (level 5, -3/41 HPs)
             Began as a Merfolk Gladiator on May 21, 2021.
             Slain by a water moccasin (5 damage)
             ... on level 3 of the Dungeon.
             The game lasted 00:03:31 (2776 turns).

Lemonice the Poker (Merfolk Gladiator)              Turns: 2776, Time: 00:03:32

Health: -3/41      AC:  4    Str: 21    XL:     5   Next: 25%
Magic:  5/5        EV: 14    Int:  8    God:
Gold:   130        SH:  0    Dex: 15    Spells: 4/4 levels left

rFire    . . .     SeeInvis .   a - +0 trident
rCold    . . .     Faith    .   (no shield)
rNeg     . . .     Spirit   .   b - +0 leather armour
rPois    .         Reflect  .   c - +0 helmet
rElec    .         Harm     .   (no cloak)
rCorr    .         Rampage  .   (no gloves)
Will     .....                  (no boots)
Stlth    +.........             (no amulet)
HPRegen  0.13/turn              i - +6 ring of strength
MPRegen  0.09/turn              (no ring)

@: lethally poisoned (-3 -> -6)
A: (nimble swimmer 2), mertail
a: no special abilities


You were on level 3 of the Dungeon.
You visited 1 branch of the dungeon, and saw 3 of its levels.

You collected 130 gold pieces.

Inventory:

Hand Weapons
 a - a +0 trident (weapon)
Missiles
 d - 5 throwing nets (quivered)
Armour
 b - a +0 leather armour (worn)
 c - a +0 helmet (worn)
Jewellery
 i - a +6 ring of strength (left hand)
 j - a ring of see invisible
Scrolls
 e - a scroll of magic mapping {unknown}
 f - a scroll of vulnerability {unknown}
Potions
 g - a potion of heal wounds {unknown}
 h - a potion of lignification {unknown}


   Skills:
 + Level 3.2 Fighting
 + Level 5.4 Polearms
 - Level 2.0 Throwing
 + Level 1.3 Armour
 + Level 4.9 Dodging
 + Level 1.9 Shields


You had 4 spell levels left.
You didn't know any spells.
Your spell library contained the following spells:

 Spells                   Type           Power      Damage    Failure   Level
 Animate Skeleton         Necr           0%         N/A       45%         1
 Apportation              Tloc           0%         N/A       45%         1
 Corona                   Hex            0%         N/A       45%         1
 Summon Small Mammal      Summ           0%         N/A       45%         1


Dungeon Overview and Level Annotations

Branches:
Dungeon (3/15)

Altars:
Dithmenos
Xom
Yredelemnul

Shops:
D:2 (


Innate Abilities, Weirdness & Mutations

((You are quick and stealthy near water. (Stealth+, EV+, Speed+++)))
Your lower body shifts to a powerful aquatic tail in water.


Message History

The water moccasin bites you.
You are poisoned.
The water moccasin poisons you!
The water moccasin bites you but does no damage.
You hit the water moccasin.
The water moccasin is severely wounded.
You feel very sick.
The water moccasin bites you but does no damage.
You miss the water moccasin.
The water moccasin is severely wounded.
You feel very sick. The water moccasin bites you! The water moccasin bites you.
You closely miss the water moccasin.
The water moccasin is severely wounded.
You feel sick. The water moccasin misses you.
You are too injured to fight recklessly!
You are too injured to fight recklessly!
You are too injured to fight recklessly!
You are too injured to fight recklessly!
You are too injured to fight recklessly!
You are too injured to fight recklessly!
You hit the water moccasin but do no damage.
The water moccasin is severely wounded.
You feel very sick. The water moccasin barely misses you.
The water moccasin bites you but does no damage.
You miss the water moccasin.
The water moccasin is severely wounded.
You feel sick. The water moccasin bites you.
You hit the water moccasin but do no damage.
The water moccasin is heavily wounded.
You feel sick. The water moccasin bites you.
* * * LOW HITPOINT WARNING * * *
The water moccasin bites you.
* * * LOW HITPOINT WARNING * * *
You puncture the water moccasin!
The water moccasin is almost dead.
* * * LOW HITPOINT WARNING * * *
You feel sick. The water moccasin bites you.
You die...

# # ## #
..###.##########.###
#
......S@..#≈≈≈≈≈#...
#
......###.≈≈...≈≈..#
# ####. #.≈.)...≈#.#
# ...# #.≈.._..≈#.# #
... ..###.≈..○○.≈#.#
# _.
'.<....≈≈...≈≈#.#####
.
#..###.#≈)≈≈≈.#......
# #.######.#)#####
#.# #....#.#####


You could see a water moccasin.

Vanquished Creatures
  A gnoll sergeant (D:3)
  5 adders
  A dart slug (D:2)
  An orc (D:3)
  A bat (D:3)
  5 endoplasms
  2 giant cockroaches (D:1)
  5 goblins
  A hobgoblin (D:1)
  5 jackals
  6 kobolds
  3 quokkas
  3 ball pythons (D:1)
  A frilled lizard (D:1)
  A rat (D:2)
41 creatures vanquished.

Vanquished Creatures (others)
  2 adders (D:3)
  An orc (D:3)
  A ball python (D:3)
  2 goblins (D:3)
  A hobgoblin (D:3)
  2 bats (D:3)
  A rat (D:3)
10 creatures vanquished.

Grand Total: 51 creatures vanquished

Notes
Turn   | Place    | Note
-------+----------+-------------------------------------------
     0 | D:1      | Lemonice the Merfolk Gladiator began the quest for the Orb.
     0 | D:1      | Reached XP level 1. HP: 16/16 MP: 1/1
   288 | D:1      | Reached XP level 2. HP: 22/23 MP: 2/2
  1098 | D:1      | Reached XP level 3. HP: 28/28 MP: 3/3
  1186 | D:1      | Found a faded altar of an unknown god.
  1385 | D:1      | Reached skill level 1 in Shields
  1657 | D:2      | Found Efotononu's Weapon Emporium.
  1729 | D:2      | Reached skill level 5 in Polearms
  1733 | D:2      | Reached XP level 4. HP: 27/34 MP: 4/4
  1737 | D:2      | Reached skill level 1 in Armour
  2625 | D:3      | Found a basalt altar of Yredelemnul.
  2721 | D:3      | Found a shimmering altar of Xom.
  2728 | D:3      | Noticed a gnoll sergeant
  2733 | D:3      | Noticed a water moccasin
  2746 | D:3      | Killed a gnoll sergeant
  2747 | D:3      | Reached XP level 5. HP: 35/41 MP: 5/5
  2766 | D:3      | Found a shadowy altar of Dithmenos.
  2776 | D:3      | HP: 2/41 [poisoned by a water moccasin]
  2776 | D:3      | Slain by a water moccasin

Illustrated notes

Levels and vault maps discovered:
D:1:      dpeg_arrival_chambers_temple_mockup, layout_loops_ring,
          hellmonk_ecumenical_altar_heavens_door
D:2:      layout_rooms, serial_shops, shop, kennysheep_decorative_pillar
D:3:      minmay_razor_zed, layout_loops_ring, amcnicky_altar_gilded,
          lemuel_round_altar, xom_confusion_cloud, nicolae_uskayaw_dance_hall

Skill      XL: |  1  2  3  4 |
---------------+-------------+-----
Shields        | 1 |  1.9
Polearms       | 5 |  5.4
Armour         | 1 |  1.3
Fighting       | 3 |  3.2
Throwing       | |  2.0
Dodging        | |  4.9

Action                   |  1- 3 |  4- 6 || total
-------------------------+-------+-------++-------
Melee: Trident           |   116 |    69 ||   185
       Tailslap          |       |     2 ||     2
 Stab: Sleeping          |     2 |     1 ||     3
       Confused          |       |     2 ||     2
Armor: Leather armour    |    25 |     8 ||    33
Dodge: Dodged            |    69 |    27 ||    96

Table legend: (Time is in decaauts)
 A = Elapsed time spent in this place.
 B = Non-inter-level travel time spent in this place.
 C = Inter-level travel time spent in this place.
 D = Time resting spent in this place.
 E = Time spent auto-exploring this place.
 F = Levels seen in this place.
 G = Mean time per level.
                   A        B        C        D        E       F      G
               +--------+--------+--------+--------+--------+-----+--------+
         Total |   2783 |   2715 |     68 |      0 |   2381 |   3 |  927.7 |
       Dungeon |   2783 |   2715 |     68 |      0 |   2381 |   3 |  927.7 |
               +--------+--------+--------+--------+--------+-----+--------+

Top non-repeatable levels by time:
     D:1: 1506 daAuts
     D:2: 645 daAuts
     D:3: 630 daAuts
